 Dungeon Crawl Stone Soup version 0.30-a0-169-g06f667207d (webtiles) character file.

Game seed: 13555950395857013964

738 qw the Chopper (level 7, -1/44 HPs)
             Began as a Gargoyle Fighter on Sept 29, 2022.
             Slain by a gnoll
             ... wielding a +0 halberd
             ... led by a gnoll bouda
              (4 damage)
             ... on level 5 of the Dungeon.
             The game lasted 00:01:29 (4866 turns).

qw the Chopper (Gargoyle Fighter)                   Turns: 4866, Time: 00:01:30

Health: -1/44      AC: 16    Str: 26    XL:     7   Next: 75%
Magic:  7/7        EV:  8    Int:  9    God:
Gold:   304        SH:  4    Dex:  9    Spells: 6/6 levels left

rFire   x . .      SeeInvis .    Y - +1 war axe
rCold   . . .      Faith    .    c - +0 buckler
rNeg    + . .      Spirit   .    o - +0 chain mail
rPois   inf        Reflect  .    (no helmet)
rElec   +          Harm     .    f - +0 cloak "Yschuly" {rElec rF- rCorr Str+5}
rCorr   +          Rampage  .    (no gloves)
Will    .....                    r - +0 pair of boots
Stlth   ..........               (no amulet)
HPRegen 0.14/turn                (no ring)
MPRegen 0.10/turn                (no ring)

@: weakened
A: sickness immunity, AC +4, negative energy resistance 1, electricity
resistance, torment resistance 1, petrification resistance
a: no special abilities


You were on level 5 of the Dungeon.
You visited 1 branch of the dungeon, and saw 5 of its levels.

You collected 304 gold pieces.


Innate Abilities, Weirdness & Mutations

You are immune to sickness and miasma.
Your stone body is resilient. (AC +4)
You are immune to poison.
You resist negative energy. (rN+)
You are resistant to electric shocks. (rElec)
You are resistant to unholy torment.
You are immune to petrification.


   Skills:
 + Level 4.5 Fighting
 - Level 7.0 Axes
 - Level 1.1 Throwing
 - Level 3.2 Armour
 - Level 1.0 Dodging
 - Level 3.2 Shields


You had 6 spell levels left.
You didn't know any spells.
Your spell library was empty.

Inventory:

Hand Weapons
 e - a +0 flail
 Y - a +1 war axe (weapon)
Missiles
 k - 2 silver boomerangs (quivered)
 n - a boomerang
Armour
 c - a +0 buckler (worn)
 f - the +0 cloak "Yschuly" (worn) {rElec rF- rCorr Str+5}
   (You found it on level 2 of the Dungeon)

   Str:       It affects your strength (+5).
   rF:        It makes you vulnerable to fire.
   rElec:     It insulates you from electricity.
   rCorr:     It protects you from acid and corrosion.
 g - a +0 cloak
 o - a +0 chain mail (worn)
 r - a +0 pair of boots (worn)
Scrolls
 b - a scroll of identify
Potions
 a - 2 potions of heal wounds
 d - 2 potions of might
 h - a potion of haste
 i - a potion of flight {unknown}
 j - a potion of lignification {unknown}
 l - a potion of curing
 m - a potion of ambrosia {unknown}
 p - a potion of mutation {unknown}
 s - a potion of degeneration {unknown}

Dungeon Overview and Level Annotations

Branches:
Dungeon (5/15)
 Temple: D:4-7

Altars:
Elyvilon
Fedhas
Hepliaklqana
Uskayaw
Zin


Message History

The ogre is heavily wounded.
You barely miss the gnoll. You hit the gnoll.
The gnoll hits you but does no damage. x2; The gnoll barely misses you.
A gnoll bouda comes into view. It is wielding a +0 club.
The ogre barely misses you.
You hit the ogre.
The ogre is severely wounded.
You barely miss the gnoll. You slash the gnoll! You block the gnoll's attack.
The gnoll hits you with a +0 whip. The gnoll barely misses you.
4862 ||| DRINKING 3 potions of heal wounds.
You feel much better. You block the ogre's attack.
The gnoll hits you but does no damage. x2
The gnoll hits you with a +0 halberd.
You slash the gnoll!
You kill the gnoll!
You slash the gnoll! You hit the ogre but do no damage.
The gnoll barely misses you. The gnoll hits you with a +0 halberd.
The gnoll bouda barks out a call to the hunt!
The gnoll picks up the pace!
The ogre hits you with a +0 giant club.
You barely miss the gnoll.
The gnoll is almost dead.
You hit the ogre.
The gnoll hits you from afar with a +0 halberd.
You block the gnoll's attack.
The gnoll bouda gazes fiercely through you!
You feel your attacks grow feeble. The ogre hits you but does no damage.
You hit the ogre.
The ogre is almost dead.
You hit the gnoll.
You kill the gnoll!
The gnoll hits you from afar with a +0 halberd!
You completely miss the ogre.
The ogre is almost dead.
The ogre hits you with a +0 giant club!!
You block the gnoll's attack.
The gnoll hits you from afar with a +0 halberd.
You die...

####### ..... .... ...
######### #.# #
.##.....########)##.####
................))g.....
..........######@#.....
..........# #O# ...
..........# #g# #
..........# #..
..).......# ...
..<......... ...#
.........#.. ...#
.##.....##.. ....#
+####....#


You could see an ogre, a gnoll bouda and a gnoll.

Vanquished Creatures
  2 ogres (D:5)
  A necrophage (D:4)
  2 scorpions
  An orc priest (D:4)
  Ijyb (D:5)
  Natasha (thrice) (D:4)
  2 orc wizards (D:4)
  4 gnolls
  8 adders
  A white imp (D:5)
  5 worms (D:2)
  2 dart slugs
  7 orcs (D:4)
  4 endoplasms
  3 giant cockroaches (D:1)
  7 goblins
  3 hobgoblins
  5 jackals (D:2)
  6 kobolds
  6 quokkas
  5 ball pythons
  2 bats
  3 frilled lizards
  3 rats
86 creatures vanquished.

Notes
Turn   | Place    | Note
-------+----------+-------------------------------------------
     0 | D:1      | qw the Gargoyle Fighter began the quest for the Orb.
     0 | D:1      | Reached XP level 1. HP: 14/14 MP: 1/1
     0 | D:1      | 0 ||| qw: Version: 0.2-a-12-gaebbb33
     0 | D:1      | 0 ||| qw: Game counter: 1278
     0 | D:1      | 0 ||| qw: Always use a shield: true
     0 | D:1      | 0 ||| qw: God list: Okawaru
     0 | D:1      | 0 ||| qw: Allow faded altars: false
     0 | D:1      | 0 ||| qw: Do Orc after D:15 true
     0 | D:1      | 0 ||| qw: Do second Lair branch before Depths: true
     0 | D:1      | 0 ||| qw: Lair rune preference: random
     0 | D:1      | 0 ||| qw: Plans: Normal, Zot:1-4, God:TSO, Crypt, Tomb,
                  | Pan, Slime:5, Hells, Abyss, Orb
     0 | D:1      | 0 ||| PLANNING D:1-11
    47 | D:1      | Reached skill level 2 in Axes
    79 | D:1      | Reached XP level 2. HP: 15/19 MP: 2/2
   292 | D:1      | Reached skill level 3 in Axes
   520 | D:1      | Reached XP level 3. HP: 23/23 MP: 3/3
   829 | D:1      | 829 ||| READING scroll labelled NASSOY QOEKODD.
   830 | D:1      | 830 ||| READING scroll labelled TINOMN IQY SINN.
   992 | D:2      | 992 ||| Stepping ~*~*~tactically~*~*~ (stealth).
   993 | D:2      | 993 ||| Stepping ~*~*~tactically~*~*~ (stealth).
  1080 | D:2      | 1080 ||| FLEEEEING.
  1081 | D:2      | 1081 ||| FLEEEEING.
  1093 | D:2      | 1093 ||| FLEEEEING.
  1094 | D:2      | 1094 ||| FLEEEEING.
  1095 | D:2      | 1095 ||| FLEEEEING.
  1096 | D:2      | 1096 ||| FLEEEEING.
  1099 | D:2      | 1099 ||| FLEEEEING.
  1100 | D:2      | 1100 ||| FLEEEEING.
  1101 | D:2      | 1101 ||| FLEEEEING.
  1102 | D:2      | 1102 ||| FLEEEEING.
  1103 | D:2      | 1103 ||| FLEEEEING.
  1106 | D:2      | 1106 ||| FLEEEEING.
  1107 | D:2      | 1107 ||| FLEEEEING.
  1109 | D:2      | 1109 ||| FLEEEEING.
  1110 | D:2      | 1110 ||| FLEEEEING.
  1111 | D:2      | 1111 ||| FLEEEEING.
  1112 | D:2      | 1112 ||| FLEEEEING.
  1113 | D:2      | 1113 ||| FLEEEEING.
  1114 | D:2      | 1114 ||| FLEEEEING.
  1117 | D:2      | 1117 ||| FLEEEEING.
  1118 | D:2      | 1118 ||| FLEEEEING.
  1430 | D:2      | Identified the +0 cloak "Yschuly" {rElec rF- rCorr Str+5}
  1453 | D:2      | 1453 ||| Stepping ~*~*~tactically~*~*~ (stealth).
  1461 | D:2      | 1461 ||| Stepping ~*~*~tactically~*~*~ (stealth).
  1466 | D:2      | Reached XP level 4. HP: 28/28 MP: 4/4
  1488 | D:2      | Reached skill level 4 in Axes
  1747 | D:2      | 1747 ||| Stepping ~*~*~tactically~*~*~ (stealth).
  1752 | D:2      | 1752 ||| Stepping ~*~*~tactically~*~*~ (stealth).
  1960 | D:2      | Found a faded altar of an unknown god.
  2228 | D:2      | 2228 ||| UPGRADING to +0 cloak "Yschuly" {rElec rF- rCorr
                  | Str+5}.
  2233 | D:2      | 2233 ||| DRINKING 2 grey potions.
  2293 | D:3      | Found a blossoming altar of Fedhas.
  2300 | D:3      | Found a hide-covered altar of Uskayaw.
  2550 | D:3      | Reached XP level 5. HP: 32/32 MP: 5/5
  2777 | D:3      | 2777 ||| Stepping ~*~*~tactically~*~*~ (stealth).
  2778 | D:3      | 2778 ||| Stepping ~*~*~tactically~*~*~ (stealth).
  2779 | D:3      | 2779 ||| Stepping ~*~*~tactically~*~*~ (stealth).
  3025 | D:3      | Found a glowing silver altar of Zin.
  3058 | D:3      | 3058 ||| READING scroll labelled WEASUB DEIMIRU.
  3059 | D:3      | 3059 ||| DRINKING 2 black potions.
  3318 | D:4      | Found a white marble altar of Elyvilon.
  3419 | D:4      | Reached skill level 5 in Axes
  3596 | D:4      | 3596 ||| Stepping ~*~*~tactically~*~*~ (hiding).
  3597 | D:4      | 3597 ||| Stepping ~*~*~tactically~*~*~ (hiding).
  3606 | D:4      | Reached skill level 1 in Throwing
  3606 | D:4      | Reached XP level 6. HP: 18/37 MP: 6/6
  3612 | D:4      | Reached skill level 1 in Dodging
  3803 | D:4      | 3803 ||| Stepping ~*~*~tactically~*~*~ (hiding).
  3976 | D:4      | Found a hazy altar of Hepliaklqana.
  4096 | D:4      | Noticed Natasha
  4097 | D:4      | 4097 ||| Stepping ~*~*~tactically~*~*~ (hiding).
  4098 | D:4      | 4098 ||| Stepping ~*~*~tactically~*~*~ (hiding).
  4104 | D:4      | Killed Natasha
  4456 | D:4      | Noticed Natasha
  4458 | D:4      | 4458 ||| Stepping ~*~*~tactically~*~*~ (hiding).
  4460 | D:4      | 4460 ||| Stepping ~*~*~tactically~*~*~ (hiding).
  4467 | D:4      | Killed Natasha
  4513 | D:4      | Noticed Natasha
  4514 | D:4      | 4514 ||| Stepping ~*~*~tactically~*~*~ (stealth).
  4519 | D:4      | 4519 ||| Stepping ~*~*~tactically~*~*~ (stealth).
  4520 | D:4      | 4520 ||| Stepping ~*~*~tactically~*~*~ (stealth).
  4524 | D:4      | HP: 8/39 [Natasha/magic dart (6)]
  4525 | D:4      | 4525 ||| DRINKING 3 potions of heal wounds.
  4526 | D:4      | Killed Natasha
  4527 | D:4      | Reached XP level 7. HP: 38/44 MP: 7/7
  4615 | D:4      | 4615 ||| UPGRADING to +0 chain mail.
  4625 | D:4      | 4625 ||| DROPPING +0 scale mail.
  4626 | D:4      | 4626 ||| UPGRADING to +0 pair of boots.
  4631 | D:4      | 4631 ||| READING scroll labelled RERGHU ECUI.
  4632 | D:4      | 4632 ||| READING scroll labelled OMAIZUECUNA.
  4633 | D:4      | 4633 ||| READING scroll labelled GUIWOLIRUO.
  4634 | D:4      | 4634 ||| DRINKING 2 dark potions.
  4655 | D:5      | Entered Level 5 of the Dungeon
  4660 | D:5      | Reached skill level 6 in Axes
  4667 | D:5      | 4667 ||| STAIRDANCE
  4847 | D:5      | Noticed Ijyb
  4857 | D:5      | Killed Ijyb
  4858 | D:5      | Reached skill level 7 in Axes
  4861 | D:5      | HP: 9/44 [gnoll/+0 whip[a gnoll bouda] (6)]
  4862 | D:5      | 4862 ||| DRINKING 3 potions of heal wounds.
  4866 | D:5      | HP: 3/44 [ogre/+0 giant club (18)]
  4866 | D:5      | Slain by a gnoll

Levels and vault maps discovered:
D:1:      dpeg_arrival_round_a, layout_rooms, st_stairs_13, minmay_tall_x
D:2:      layout_loops_corners, shapermc_ecumenical_altar_pompeii,
          kennysheep_generic_room_14
D:3:      layout_basic, zin_treasury, jmf_multi_god_temple
D:4:      layout_gridville, elyvilon_altar_5, amcnicky_altar_gilded,
          minmay_crystal_room, uniq_natasha
D:5:      layout_rooms, nicolae_tso_carved_into_rock, lightli_corner_chamber,
          uniq_ijyb, uniq_duvessa

Skill      XL: |  1  2  3  4  5  6  7 |
---------------+----------------------+-----
Axes           | 2 3 4 5 7 |  7.0
Throwing       | 1 |  1.1
Dodging        | 1 |  1.0
Fighting       | 4 |  4.5
Armour         | |  3.2
Shields        | |  3.2

Action                   |  1- 3 |  4- 6 |  7- 9 || total
-------------------------+-------+-------+-------++-------
Melee: War axe           |    84 |   172 |    21 ||   277
Throw: Boomerang         |       |    37 |     4 ||    41
  Use: Scroll            |     2 |     1 |     3 ||     6
       Potion            |       |     3 |     2 ||     5
Armor: Scale mail        |    50 |    98 |       ||   148
       Chain mail        |       |       |    13 ||    13
Dodge: Dodged            |    46 |    52 |    15 ||   113
Block: Buckler           |    20 |    32 |     6 ||    58

Table legend:
 A = Non-vault XP
 B = Vault XP
 C = Vault XP percentage of total XP
 D = Non-vault monster count
 E = Vault monster count
 F = Vault count percentage of total count
                 A         B        C        D         E       F
            +---------+---------+-------+---------+---------+-------
      Total |     961 |      94 |   8.9 |      78 |       8 |   9.3
            +---------+---------+-------+---------+---------+-------
        D:1 |      36 |       9 |  20.0 |      14 |       4 |  22.2
        D:2 |      99 |       0 |   0.0 |      21 |       0 |   0.0
        D:3 |      31 |      14 |  31.1 |      10 |       2 |  16.7
        D:4 |     413 |      35 |   7.8 |      26 |       1 |   3.7
        D:5 |     382 |      36 |   8.6 |       7 |       1 |  12.5
            +---------+---------+-------+---------+---------+-------
